 Dungeon Crawl Stone Soup version 0.26.0-10-g1f06aea511 (webtiles) character file.

Game seed: 15908193782907772304

12532 Dirian the Carver (level 11, -7/100 HPs)
             Began as a Minotaur Fighter on Jan 14, 2021.
             Was a High Priest of Zin.
             Mangled by a boulder beetle (37 damage)
             ... on level 12 of the Dungeon.
             The game lasted 00:21:55 (13706 turns).

Dirian the Carver (Minotaur Fighter)               Turns: 13706, Time: 00:21:55

Health: -7/100     AC: 18    Str: 22    XL:     11   Next: 63%
Magic:  14/14      EV:  6    Int:  6    God:    Zin [*****.]
Gold:   588        SH: 12    Dex: 14    Spells: 10/10 levels left

rFire    + . .     SeeInvis .   a - +3 scimitar
rCold    . . .     Faith    +   c - +1 kite shield
rNeg     . . .     Spirit   .   B - +0 plate armour
rPois    ∞         Reflect  .   (helmet restricted)
rElec    .         Harm     .   f - +0 cloak
rCorr    +         Rampage  .   (no gloves)
Will     .....                  k - +0 pair of boots
Stlth    ..........             l - amulet of faith
HPRegen  0.26/turn              A - ring of resist corrosion
MPRegen  0.14/turn              s - ring of protection from fire

@: vitalised
A: retaliatory headbutt, horns 2
a: Renounce Religion, Recite, Vitalisation, Imprison, Sanctuary, Donate Gold


You were on level 12 of the Dungeon.
You worshipped Zin.
Zin was extremely pleased with you.
You visited 2 branches of the dungeon, and saw 13 of its levels.

You collected 763 gold pieces.
You spent 99 gold pieces at shops.
You donated 76 gold pieces to Zin.

Inventory:

Hand Weapons
 a - a +3 scimitar (weapon)
 b - a +3 scimitar
Armour
 c - a +1 kite shield (worn)
 f - a +0 cloak (worn)
 k - a +0 pair of boots (worn)
 B - a +0 plate armour (worn)
Jewellery
 g - an uncursed ring of positive energy
 l - an amulet of faith (around neck)
 p - an uncursed ring of protection from cold
 s - a ring of protection from fire (right hand)
 A - a ring of resist corrosion (left hand)
Wands
 v - a wand of iceblast (18)
Scrolls
 e - a scroll of summoning
 h - 4 scrolls of enchant weapon
 j - 4 scrolls of magic mapping
 t - 12 scrolls of teleportation
 x - 2 scrolls of remove curse
 z - 2 scrolls of blinking
Potions
 d - 2 potions of might
 i - 3 potions of cancellation
 n - 2 potions of resistance
 o - 2 potions of haste
 q - 5 potions of curing
 u - a potion of invisibility
 w - 2 potions of heal wounds
 y - a potion of magic


   Skills:
 + Level 10.2 Fighting
 + Level 13.4 Long Blades
 + Level 11.8 Armour
 + Level 8.0 Shields
 + Level 5.5 Invocations


You had 10 spell levels left.
You didn't know any spells.
Your spell library contained the following spells:

 Spells                   Type           Power        Failure   Level
 Animate Skeleton         Necr           0%           100%        1
 Apportation              Tloc           0%           100%        1
 Beastly Appendage        Tmut           0%           100%        1
 Corona                   Hex            0%           100%        1
 Magic Dart               Conj           0%           100%        1
 Sandblast                Erth           0%           100%        1
 Summon Small Mammal      Summ           0%           100%        1
 Passwall                 Tmut/Erth      0%           100%        2
 Searing Ray              Conj           0%           100%        2
 Wereblood                Tmut           0%           100%        2
 Dazzling Flash           Conj/Hex       0%           100%        3
 Spider Form              Tmut/Pois      0%           100%        3
 Stone Arrow              Conj/Erth      0%           100%        3
 Fulminant Prism          Conj/Hex       0%           100%        4
 Ice Form                 Ice/Tmut       0%           100%        4
 Iskenderun's Mystic Bla  Conj/Tloc      0%           100%        4
 Petrify                  Tmut/Erth      0%           100%        4
 Blade Hands              Tmut           0%           100%        5
 Lee's Rapid Deconstruct  Erth           0%           100%        5


Dungeon Overview and Level Annotations

Branches:
Dungeon (12/15)            Temple (1/1) D:4            Lair (0/6) D:8
    Orc (0/2) D:10

Altars:
Ashenzari
Cheibriados
Dithmenos
Elyvilon
Fedhas
Gozag
Hepliaklqana
Kikubaaqudgha
Makhleb
Nemelex Xobeh
Okawaru
Qazlal
Ru
Sif Muna
Trog
Uskayaw
Vehumet
Wu Jian
Xom
Yredelemnul
Zin
The Shining One

Shops:
D:9 !

Portals:
Trove: D:10 (give 3 potions of resistance)

Annotations:
D:10 2 transporters, 1 runed translucent door, Tallon's ghost, novice DsFi


Innate Abilities, Weirdness & Mutations

You reflexively headbutt those who attack you in melee.
You have a pair of horns on your head.


Message History

You hit the boulder beetle but do no damage.
The boulder beetle is heavily wounded.
You block the boulder beetle's attack.
You hit the boulder beetle but do no damage.
Your headbutt misses the boulder beetle.
The boulder beetle is heavily wounded.
You block the boulder beetle's attack.
You hit the boulder beetle.
The boulder beetle is heavily wounded.
The boulder beetle bites you!
* * * LOW HITPOINT WARNING * * *
You hit the boulder beetle but do no damage.
The boulder beetle is heavily wounded.
The boulder beetle bites you but does no damage.
The boulder beetle curls into a ball and begins rolling!
You block the boulder beetle's attack.
The boulder beetle stops rolling and uncurls.
The boulder beetle curls into a ball and begins rolling!
The boulder beetle hits you!!!
You die...

.. #...#.............
#. #...#......)......
#.##..##.............
..#....°.<#.########
#.#...#.#°#.#
#.#...#.#°#.#
#.......#○#.#
##...####°#.#
#...)@B○.#.#
##..######.#
#.>....... ##########


You could see a boulder beetle.

Vanquished Creatures
  A vault guard (D:10)
  2 two-headed ogres (D:10)
  Pikel (D:7)
  An ugly thing (D:10)
  Joseph (D:8)
  A gargoyle (D:11)
  A hornet (D:9)
  Grinder (D:6)
  A shadow (D:10)
  6 wraiths
  6 yaks (D:10)
  4 fire bats (D:10)
  Eustachio (D:6)
  Menkaure (D:4)
  A water moccasin (D:5)
  A black bear (D:9)
  5 orc warriors
  An ice beast (D:11)
  4 phantoms
  4 ogres
  3 sky beasts
  2 necrophages
  An eye of draining (D:9)
  5 centaurs
  The ghost of qborf the Ducker, an amateur HaEE (D:3)
  2 big kobolds
  2 elf zombies (D:7)
  7 bullfrogs
  2 water moccasin zombies
  A scorpion (D:10)
  4 killer bees (D:7)
  7 wights
  3 howler monkeys
  A bullfrog zombie (D:9)
  2 quasits
  9 hounds
  3 centaur skeletons
  4 human zombies (D:7)
  2 orc priests
  A gnoll shaman (D:8)
  A bullfrog skeleton (D:4)
  An iron imp (D:8)
  A human skeleton (D:7)
  4 iguanas
  10 orc wizards
  8 worker ants
  2 hound skeletons
  A mummy (D:7)
  A worker ant zombie (D:10)
  A howler monkey zombie (D:7)
  5 gnolls (D:8)
  14 adders
  A shadow imp (D:6)
  2 white imps
  2 ufetubi
  An ooze (D:4)
  2 adder skeletons
  A worm (D:2)
  3 dart slugs
  8 leopard geckos
  34 orcs
  11 bats
  4 giant cockroaches
  9 goblins
  3 hobgoblins
  14 jackals
  12 kobolds
  4 quokkas
  5 ball pythons
  7 frilled lizards
  An orc zombie (D:7)
  A quokka skeleton (D:10)
  6 rats
286 creatures vanquished.

Vanquished Creatures (others)
  An orc wizard (D:7)
1 creature vanquished.

Grand Total: 287 creatures vanquished

Notes
Turn   | Place    | Note
-------+----------+-------------------------------------------
     0 | D:1      | Dirian the Minotaur Fighter began the quest for the Orb.
     0 | D:1      | Reached XP level 1. HP: 19/19 MP: 0/0
   207 | D:1      | Reached XP level 2. HP: 27/27 MP: 1/1
   551 | D:1      | You fall into a shaft and drop 1 floor!
  1172 | D:2      | Reached XP level 3. HP: 33/33 MP: 2/2
  1264 | D:2      | Found a hide-covered altar of Uskayaw.
  1321 | D:2      | Reached skill level 3 in Long Blades
  1402 | D:2      | Found a bloodstained altar of Trog.
  1522 | D:2      | Reached XP level 4. HP: 30/40 MP: 3/3
  2013 | D:3      | Found a shimmering altar of Xom.
  2013 | D:3      | Found a shimmering altar of Xom.
  2014 | D:3      | Found a shimmering altar of Xom.
  2016 | D:3      | Found a shimmering altar of Xom.
  2017 | D:3      | Found a runed translucent door.
  2050 | D:3      | Found a shimmering altar of Xom.
  2052 | D:3      | Found a shimmering altar of Xom.
  2053 | D:3      | Found a shimmering altar of Xom.
  2059 | D:3      | Found a shimmering altar of Xom.
  2085 | D:3      | Noticed qborf's ghost (amateur HaEE)
  2365 | D:4      | Noticed Menkaure
  2375 | D:4      | Killed Menkaure
  2376 | D:4      | Reached skill level 4 in Long Blades
  2376 | D:4      | Reached skill level 5 in Armour
  2376 | D:4      | Reached skill level 5 in Shields
  2376 | D:4      | Reached XP level 5. HP: 12/47 MP: 4/4
  2653 | D:4      | Reached XP level 6. HP: 49/53 MP: 5/5
  2768 | D:4      | Reached skill level 5 in Fighting
  3374 | D:4      | Found a staircase to the Ecumenical Temple.
  3461 | D:4      | Reached skill level 5 in Long Blades
  3610 | Temple   | Entered the Ecumenical Temple
  3733 | Temple   | Became a worshipper of Zin the Law-Giver
  3733 | Temple   | Reached * piety under Zin
  3777 | D:5      | Entered Level 5 of the Dungeon
  3829 | D:5      | Reached XP level 7. HP: 55/61 MP: 6/6
  3864 | D:5      | Reached ** piety under Zin
  3938 | D:5      | Reached skill level 6 in Long Blades
  4446 | D:5      | Found a stormy altar of Qazlal.
  4712 | D:6      | Reached *** piety under Zin
  4749 | D:6      | Reached skill level 1 in Invocations
  4769 | D:6      | Noticed Eustachio
  4796 | D:6      | Killed Eustachio
  4797 | D:6      | Reached XP level 8. HP: 26/70 MP: 6/8
  5023 | D:6      | Reached skill level 7 in Long Blades
  5483 | D:6      | Found a broken altar of Ashenzari.
  6009 | D:6      | Reached skill level 8 in Long Blades
  6154 | D:6      | Noticed Grinder
  6171 | D:6      | Killed Grinder
  6388 | D:3      | Killed qborf's ghost
  6477 | D:7      | Noticed Pikel
  6497 | D:7      | Reached XP level 9. HP: 69/78 MP: 10/10
  6503 | D:7      | Killed Pikel
  6504 | D:7      | Reached skill level 9 in Long Blades
  6852 | D:7      | Found a sparkling altar of Nemelex Xobeh.
  6995 | D:7      | Found an ancient bone altar of Kikubaaqudgha.
  7200 | D:7      | Reached skill level 10 in Long Blades
  7234 | D:7      | Reached **** piety under Zin
  7293 | D:7      | Found a broken altar of Ashenzari.
  7907 | D:8      | Noticed Joseph
  7927 | D:8      | Killed Joseph
  7938 | D:8      | Reached skill level 5 in Invocations
  7938 | D:8      | Reached XP level 10. HP: 80/88 MP: 12/12
  7984 | D:8      | Found a snail-covered altar of Cheibriados.
  8172 | D:8      | Found a staircase to the Lair.
  8404 | D:8      | Reached skill level 11 in Long Blades
  8633 | D:8      | Found a glowing golden altar of the Shining One.
  8673 | D:8      | Reached ***** piety under Zin
  8984 | D:8      | Got an encrusted war axe
  8984 | D:8      | Identified the +3 war axe of Xashraib {vorpal, rF+ Dex+3}
                  | (You found it on level 8 of the Dungeon)
  9100 | D:9      | Reached skill level 10 in Armour
  9237 | D:9      | Paralysed by a hornet for 3 turns
  9603 | D:9      | Found a blossoming altar of Fedhas.
 10355 | D:9      | Found Poxam's Distillery.
 10369 | D:9      | Bought a potion of might for 44 gold pieces
 10369 | D:9      | Bought a potion of heal wounds for 55 gold pieces
 10617 | D:10     | Entered Level 10 of the Dungeon
 10768 | D:10     | Noticed Tallon's ghost (novice DsFi)
 10769 | D:10     | Found a transporter.
 10771 | D:10     | Found a transporter.
 10779 | D:10     | Found the cursed necklace of Bloodlust {*Rage +Rage Will++
                  | Int-3 Slay+6 *Curse}
 10793 | D:10     | Noticed a two-headed ogre
 10805 | D:10     | Killed a two-headed ogre
 10806 | D:10     | Reached skill level 12 in Long Blades
 11123 | D:10     | Noticed a vault guard
 11145 | D:10     | Killed a vault guard
 11304 | D:10     | Found a portal to a secret trove of treasure.
 11403 | D:10     | Found a staircase to the Orcish Mines.
 11419 | D:10     | Found a snail-covered altar of Cheibriados.
 11420 | D:10     | Noticed a two-headed ogre
 11446 | D:10     | Reached XP level 11. HP: 46/97 MP: 13/13
 11459 | D:10     | Killed a two-headed ogre
 11713 | D:10     | Found a shimmering altar of Xom.
 11725 | D:10     | Found a runed translucent door.
 11725 | D:10     | Noticed a flayed ghost
 11729 | D:10     | Found a basalt altar of Yredelemnul.
 11732 | D:10     | Found an ancient bone altar of Kikubaaqudgha.
 11950 | D:10     | Found a bloodstained altar of Trog.
 11962 | D:10     | Found an opulent altar of Gozag.
 12083 | D:10     | Noticed a two-headed ogre
 12186 | D:10     | Noticed a cyan ugly thing
 12219 | D:10     | Killed a cyan ugly thing
 12220 | D:10     | Reached skill level 13 in Long Blades
 13273 | D:11     | Reached skill level 10 in Fighting
 13663 | D:12     | Noticed a boulder beetle
 13706 | D:12     | Mangled by a boulder beetle

Illustrated notes

Levels and vault maps discovered:
D:1:      tarquinn_simple_flora_water_d, layout_basic,
          chequers_serial_rivers_marsh
D:2:      layout_rooms, overflow_temple_1_default, trog_butcher_becter
D:3:      layout_basic, xom_redecorated, ebering_ghost_reflecting_pool
D:4:      layout_loops_ring, minmay_temple_entry_junction, minmay_vboxes,
          uniq_menkaure
D:5:      layout_rooms, kennysheep_mini_moat, roderic_roman_lattice
D:6:      minmay_diamond_boxcup, layout_gridville, kennysheep_mini,
          uniq_eustachio, uniq_grinder
D:7:      layout_rooms, nemelex_xobeh_ov_fountains_minmay,
          lemuel_mausoleum_altar_kikubaaqudgha, nrook_mini_backslash,
          ashenzari_altar_1, uniq_pikel
D:8:      layout_loops_cross, slow_altar_1, tso_metal_star, st_stairs_3,
          kennysheep_boxes, uniq_joseph
D:9:      layout_stronghold, fedhas_altar_fruit_tree, serial_shops, shop,
          disabler_island
D:10:     due_megacathedral, layout_loops_ring, enter_trove_5,
          gammafunk_ghost_arena, minmay_crystal_room, grunt_tough_drop
D:11:     layout_roguey
D:12:     layout_basic
Temple:   dshaligram_water_room_temple

Skill      XL: |  1  2  3  4  5  6  7  8  9 10 11 |
---------------+----------------------------------+-----
Fighting       | 4 5 6 8 9 10 | 10.2
Shields        | 4 5 6 8 |  8.0
Armour         | 4 5 6 8 9 11 | 11.8
Long Blades    | 3 4 5 6 8 10 12 13 | 13.4
Invocations    | 1 3 5 |  5.5

Action                   |  1- 3 |  4- 6 |  7- 9 | 10-12 || total
-------------------------+-------+-------+-------+-------++-------
Melee: Long sword        |    99 |   142 |   284 |   497 ||  1022
       Headbutt          |    11 |    31 |    76 |   127 ||   245
       Scimitar          |       |       |       |    55 ||    55
Invok: Recite            |       |       |     4 |    11 ||    15
       Vitalisation      |       |       |     1 |     5 ||     6
  Use: Scroll            |       |     9 |     4 |     9 ||    22
       Potion            |       |     1 |     3 |     1 ||     5
 Stab: Confused          |       |       |     3 |     2 ||     5
       Invisible         |       |       |       |     5 ||     5
       Paralysed         |       |       |       |     1 ||     1
Armor: Scale mail        |    39 |    61 |    37 |       ||   137
       Chain mail        |       |       |    80 |   105 ||   185
       Plate armour      |       |       |       |   120 ||   120
Dodge: Dodged            |    30 |    45 |    76 |    96 ||   247
Block: Kite shield       |    45 |    92 |   183 |   251 ||   571
       Rpst.: Long sword |     7 |    14 |    21 |    16 ||    58
